 Dungeon Crawl Stone Soup version 0.29-a0-334-gb41bcbb86e (webtiles) character file.

Game seed: 8033974222326840900

1444 drugrobin the Cleaver (level 8, 0/65 (70) HPs)
             Began as a Demigod Fighter on Apr 13, 2022.
             Slain by Menkaure (10 damage)
             ... on level 5 of the Dungeon.
             The game lasted 00:09:49 (4160 turns).

drugrobin the Cleaver (Demigod Fighter)             Turns: 4160, Time: 00:09:50

HP:   0/65 (70)     AC: 11    Str: 22    XL:     8   Next: 22%
MP:   10/10         EV: 10    Int: 10    God:
Gold: 105           SH:  0    Dex: 23    Spells: 7/7 levels left

rFire   . . .      SeeInvis .   b - +4 battleaxe
rCold   . . .      Faith    .   (shield currently unavailable)
rNeg    + . .      Spirit   .   D - +1 ring mail of Beyond {rPois Str-3 Dex+4}
rPois   +          Reflect  .   s - +0 helmet
rElec   .          Harm     .   q - scarf {repulsion}
rCorr   .          Rampage  .   H - +2 pair of gloves
Will    .....                   t - +0 pair of boots
Stlth   +.........              j - amulet of regeneration
HPRegen 1.00/turn               k - +6 ring of dexterity
MPRegen 0.12/turn               E - ring of positive energy

@: drained, repel missiles
A: high MP 1, forlorn, divine attributes
a: no special abilities


You were on level 5 of the Dungeon.
You visited 1 branch of the dungeon, and saw 5 of its levels.

You collected 285 gold pieces.
You spent 180 gold pieces at shops.

Inventory:

Hand Weapons
 a - a +0 war axe
 b - a +4 battleaxe (weapon)
Missiles
 o - 5 poisoned darts (quivered)
 G - a throwing net
Armour
 c - a +0 buckler
 q - a scarf of repulsion (worn)
 s - a +0 helmet (worn)
 t - a +0 pair of boots (worn)
 D - the +1 ring mail of Beyond (worn) {rPois Str-3 Dex+4}
   (You bought it in a shop on level 1 of the Dungeon)

   Str:       It affects your strength (-3).
   Dex:       It affects your dexterity (+4).
   rPois:     It protects you from poison.
 H - a +2 pair of gloves (worn)
Jewellery
 j - an amulet of regeneration (around neck)
 k - a +6 ring of dexterity (left hand)
 v - an amulet of reflection
 E - a ring of positive energy (right hand)
Wands
 C - a wand of flame (20)
 F - a wand of charming (9)
Scrolls
 g - 3 scrolls of teleportation {unknown}
 l - a scroll of fog {unknown}
 m - a scroll of blinking {unknown}
 n - 5 scrolls of identify {unknown}
 p - 3 scrolls of amnesia {unknown}
 x - a scroll of enchant weapon {unknown}
 y - a scroll of torment {unknown}
Potions
 d - 2 potions of might
 e - 7 potions of curing {unknown}
 f - 3 potions of brilliance
 h - a potion of lignification {unknown}
 i - a potion of mutation {unknown}
 r - 2 potions of heal wounds {unknown}
 u - a potion of flight {unknown}
 w - a potion of magic {unknown}
 z - a potion of degeneration {unknown}
 A - a potion of ambrosia {unknown}
 B - a potion of cancellation {unknown}


   Skills:
 + Level 6.1 Fighting
 * Level 8.1 Axes
 - Level 2.6 Armour
 - Level 2.6 Shields


You had 7 spell levels left.
You didn't know any spells.
Your spell library contained the following spells:

 Spells                   Type           Power      Damage    Failure   Level
 Beastly Appendage        Tmut           0%         N/A       52%         1
 Summon Small Mammal      Summ           0%         N/A       52%         1
 Ensorcelled Hibernation  Hex/Ice        0%         N/A       65%         2
 Wereblood                Tmut           0%         N/A       65%         2
 Call Canine Familiar     Summ           0%         N/A       87%         3
 Spider Form              Tmut/Pois      0%         N/A       87%         3
 Summon Guardian Golem    Hex/Summ       0%         N/A       87%         3
 Anguish                  Hex/Necr       0%         N/A       99%         4


Dungeon Overview and Level Annotations

Branches:
Dungeon (5/15)             Temple (0/1) D:4

Shops:
D:1 [

Annotations:
D:5 Eustachio, Menkaure


Innate Abilities, Weirdness & Mutations

You have an increased reservoir of magic. (+10% MP)
You shall have no god before yourself.
Your divine heritage dramatically boosts your attributes as you level up.


Message History

Unknown command.
An orc comes into view. It is wielding a +0 mace.
Unknown command.
Menkaure gestures wildly while chanting.
Menkaure seems to speed up.
The orc drinks a potion.
The orc suddenly seems more resistant.
Unknown command.
Unknown command.
Unknown command.
You hit Menkaure.
Menkaure is moderately damaged.
Menkaure hits you! Menkaure hits you.
Unknown command.
Unknown command.
You barely miss Menkaure.
Menkaure is moderately damaged.
Menkaure hits you.
Unknown command.
Unknown command.
Unknown command.
You hit Menkaure.
Menkaure is heavily damaged.
Menkaure calls on the powers of darkness!
Your body is wracked with pain!
The orc convulses!
Menkaure whispers in an indecipherable tongue.
Menkaure hits you!
* * * LOW HITPOINT WARNING * * *
Unknown command.
Unknown command.
Unknown command.
Unknown command.
Unknown command.
Unknown command.
Unknown command.
You hit Menkaure.
Menkaure is heavily damaged.
You hit the orc.
You kill the orc!
Menkaure hits you!
You die...

#.....#...... #. #.
#.....##+###. #.##.
##+#.......#. #....
#.......#. #....
#.......#. #....
#.......#. #....
#.......#.
#...M########.......#
#....@......'.......#
#...).......#.......#
##...##.....#.......#
#... #.....#.......#
#... #######.......#
.'... #.......#
..#... #.......#
..#... #.......#


You could see Menkaure (fast).

Vanquished Creatures
  Pikel (D:5)
  Sigmund (D:3)
  A water moccasin (D:5)
  4 lemures (D:5)
  A phantom (D:4)
  A scorpion (D:4)
  A wight (D:5)
  2 jellies (D:4)
  A hound (D:5)
  An iguana (D:4)
  Ijyb (D:5)
  Natasha (thrice) (D:4)
  3 orc wizards
  Robin (D:4)
  7 adders
  A gnoll (D:2)
  2 ufetubi (D:4)
  A dart slug (D:1)
  13 orcs
  7 ball pythons
  7 endoplasms
  4 giant cockroaches
  16 goblins
  7 hobgoblins
  5 jackals
  4 quokkas
  5 bats (D:1)
  3 frilled lizards
  4 kobolds
  6 rats
114 creatures vanquished.

Vanquished Creatures (others)
  An orc wizard (D:4)
1 creature vanquished.

Grand Total: 115 creatures vanquished

Notes
Turn   | Place    | Note
-------+----------+-------------------------------------------
     0 | D:1      | drugrobin the Demigod Fighter began the quest for the Orb.
     0 | D:1      | Reached XP level 1. HP: 18/18 MP: 3/3
   123 | D:1      | Reached skill level 2 in Axes
   139 | D:1      | Reached XP level 2. HP: 16/25 MP: 4/4
   300 | D:1      | Found Agry's Antique Armour Shoppe.
   617 | D:1      | Reached XP level 3. HP: 31/31 MP: 5/5
  1014 | D:2      | Reached skill level 3 in Axes
  1309 | D:2      | Reached XP level 4. HP: 32/38 MP: 6/6
  2096 | D:3      | Noticed Sigmund
  2379 | D:4      | Reached skill level 4 in Axes
  2383 | D:4      | Reached XP level 5. HP: 39/46 MP: 7/7
  2697 | D:4      | Reached skill level 5 in Axes
  2762 | D:4      | Reached XP level 6. HP: 52/52 MP: 8/8
  2795 | D:4      | Found a staircase to the Ecumenical Temple.
  2864 | D:4      | Noticed Robin
  2879 | D:4      | Killed Robin
  3045 | D:4      | Noticed Natasha
  3054 | D:4      | Killed Natasha
  3117 | D:4      | Noticed Natasha
  3128 | D:4      | Killed Natasha
  3145 | D:4      | Noticed Natasha
  3153 | D:4      | Killed Natasha
  3167 | D:4      | Reached skill level 6 in Axes
  3446 | D:1      | Bought a jewelled ring mail for 180 gold pieces
  3446 | D:1      | Identified the +1 ring mail of Beyond {rPois Str-3 Dex+4}
                  | (You bought it in a shop on level 1 of the Dungeon)
  3583 | D:3      | Killed Sigmund
  3584 | D:3      | Reached skill level 5 in Fighting
  3584 | D:3      | Reached XP level 7. HP: 46/61 MP: 9/9
  3751 | D:5      | Entered Level 5 of the Dungeon
  3859 | D:5      | Noticed Pikel
  3875 | D:5      | Killed Pikel
  3876 | D:5      | Reached skill level 7 in Axes
  3876 | D:5      | Reached XP level 8. HP: 59/70 MP: 10/10
  4005 | D:5      | Noticed Ijyb
  4016 | D:5      | Killed Ijyb
  4046 | D:5      | Noticed Eustachio
  4056 | D:5      | Reached skill level 8 in Axes
  4153 | D:5      | Noticed Menkaure
  4160 | D:5      | Slain by Menkaure

Illustrated notes

Levels and vault maps discovered:
D:1:      ncdulo_smallfort, layout_loops_ring, basic_ecumenical_altar,
          serial_shops, shop, st_stairs_4, serial_bayou_ford_a, minmay_vboxes
D:2:      layout_loops_ring, serial_park_tiny_2, cheibrodos_gnoll_hut
D:3:      layout_rooms, uniq_sigmund
D:4:      layout_gridville, minmay_temple_entry_slanted, minmay_misc_feat_chi,
          uniq_robin, uniq_natasha
D:5:      minmay_clustersquares, layout_gridville, serial_park_tiny_pond,
          nicolae_shop_gadgets, uniq_menkaure, uniq_ijyb, uniq_eustachio,
          uniq_pikel

Skill      XL: |  1  2  3  4  5  6  7  8 |
---------------+-------------------------+-----
Axes           | 2 3 4 5 6 7 8 |  8.1
Fighting       | 3 4 5 6 |  6.1
Armour         | |  2.6
Shields        | |  2.6

Action                   |  1- 3 |  4- 6 |  7- 9 || total
-------------------------+-------+-------+-------++-------
Melee: War axe           |   108 |   175 |    81 ||   364
       Battleaxe         |       |       |     4 ||     4
Throw: Dart              |       |    14 |     1 ||    15
       Throwing net      |       |     1 |     4 ||     5
 Stab: Held in net/web   |       |       |     2 ||     2
Armor: Scale mail        |    68 |    79 |       ||   147
       Ring mail         |       |     3 |    19 ||    22
Dodge: Dodged            |    54 |    67 |    30 ||   151
       Repelled          |       |     1 |     2 ||     3
Block: Buckler           |    30 |    33 |    26 ||    89

Table legend: (Time is in decaauts)
 A = Elapsed time spent in this place.
 B = Non-inter-level travel time spent in this place.
 C = Inter-level travel time spent in this place.
 D = Time resting spent in this place.
 E = Time spent auto-exploring this place.
 F = Levels seen in this place.
 G = Mean time per level.
                   A        B        C        D        E       F      G
               +--------+--------+--------+--------+--------+-----+--------+
         Total |   4299 |   3965 |    334 |    378 |   2194 |   5 |  859.8 |
       Dungeon |   4299 |   3965 |    334 |    378 |   2194 |   5 |  859.8 |
               +--------+--------+--------+--------+--------+-----+--------+

Top non-repeatable levels by time:
     D:2: 1102 daAuts
     D:4: 1098 daAuts
     D:1: 1063 daAuts
     D:3: 609 daAuts
     D:5: 425 daAuts
